Map: Orbital Shipyard

Players

lesha

  • Race: Terran Terran

StranaOz - Winner!

  • Race: Zerg Zerg
  • League: Silver

VOD

Have the link to the VOD?

Description

Time

  • Played on: Nov. 27, 2015, 6:27 a.m.
  • Length: 14:04
Show
View Real Time Build Order
Export as new Build Order

lesha Terran 

Build Orders:  

Get SALT Encoding   

  12  0:02  SCV  
  13  0:15  SCV  
  13  0:21  Supply Depot  
  14  0:27  SCV  
  15  0:42  SCV  
  16  0:53  Barracks  
  16  0:54  SCV  
  17  1:06  SCV  
  18  1:17  Command Center  
  18  1:23  SCV  
  19  1:35  SCV  
  20  1:47  SCV  
  20  1:53  Refinery  
  21  1:58  Marine  
  21  1:59  SCV, Bunker  
  23  2:16  Supply Depot, Orbital Command  
  23  2:35  Barracks Tech Lab  
  23  2:38  SCV  
  24  2:45  Refinery  
  24  2:50  SCV  
  25  2:56  SCV  
  26  3:02  SCV  
  27  3:08  SCV  
  28  3:14  Marine  
  28  3:16  Engineering Bay  
  29  3:20  SCV  
  30  3:28  Barracks  
  30  3:31  Barracks  
  30  3:32  SCV, Barracks, Marine  
  30  3:33  SCV  
  33  3:38  Refinery  
  33  3:42  Engineering Bay  
  33  3:44  SCV  
  33  3:45  SCV  
  35  3:52  Terran Infantry Weapons Level 1, Factory  
  35  4:00  SCV x2  
  37  4:04  Marine  
  37  4:09  Terran Infantry Armor Level 1  
  38  4:12  SCV  
  38  4:14  Orbital Command  
  39  4:21  Marine  
  39  4:22  Barracks Tech Lab x2  
  39  4:23  Barracks Tech Lab  
  40  4:37  SCV  
  41  4:39  Marine  
  41  4:42  SCV  
  43  4:49  SCV, Marine x2  
  46  4:56  Supply Depot  
  46  5:03  Supply Depot, Stimpack  
  46  5:11  Factory Tech Lab  
  46  5:12  Starport  
  46  5:17  Marine x4  
  46  5:18  SCV x2  
  52  5:30  SCV x2  
  52  5:35  Supply Depot, Marine x4  
  54  5:36  Supply Depot  
  54  5:42  SCV  
  59  5:46  Command Center  
  59  5:48  Barracks  
  59  5:50  Supply Depot  
  59  5:53  Marine x3  
  62  5:58  Barracks  
  62  6:05  SCV x2  
  62  6:11  Marine  
  65  6:13  Barracks Reactor  
  65  6:17  SCV x2  
  67  6:21  Refinery  
  67  6:29  SCV x2  
  69  6:33  Starport Reactor  
  69  6:35  Barracks Reactor  
  69  6:36  Barracks Reactor, Starport  
  69  6:37  Barracks Reactor, Starport  
  69  6:41  SCV  
  69  6:42  SCV  
  73  6:47  Hellion  
  73  6:53  SCV  
  73  6:54  SCV  
  77  7:08  Hellion  
  77  7:23  Marine  
  77  7:24  Marine x8  
  77  7:25  Marine  
  89  7:30  Hellion  
  89  7:40  Supply Depot  
  89  7:41  Marine x3  
  92  7:50  Marine x5  
  92  7:51  Marine x2  
  99  7:56  Starport Reactor  
  99  7:59  Marine x2  
  99  8:02  Medivac x2, Marine  
  99  8:04  Supply Depot  
  106  8:08  Marine  
  107  8:16  Marine x2  
  107  8:18  Supply Depot  
  109  8:21  Supply Depot  
  109  8:22  Barracks Reactor, Supply Depot  
  109  8:24  Supply Depot  
  109  8:25  Marine x6  
  109  8:26  Marine  
  116  8:27  Supply Depot  
  116  8:34  Marine  
  116  8:40  Medivac x2  
  102  8:49  Supply Depot  
  102  8:50  Marine x3  
  102  8:51  Marine x5  
  102  8:52  Marine  
  95  9:05  Marine x2  
  95  9:08  Marine x5  
  95  9:09  Marine x3  
  105  9:10  Marine, Medivac  
  108  9:22  Marine  
  108  9:23  Marine  
  110  9:25  Hellion  
  110  9:26  Marine x6  
  110  9:27  Medivac, Marine x2  
  110  9:28  Marine  
  123  9:36  Orbital Command  
  123  9:40  Marine x2  
  123  9:44  Marine x5  
  130  9:46  Hellion  
  130  9:47  Marine x4  
  130  9:50  Medivac  
  138  9:58  Marine x2  
  140  10:01  Marine  
  140  10:02  Marine x4  
  140  10:04  Marine  
  146  10:11  Marine x3  
  142  10:16  Marine x2  
  95  10:24  Marine x6  
  100  10:29  Marine x3  
  100  10:34  Marine x2  
  105  10:38  Medivac x4  
  105  10:41  Marine x2  
  105  10:42  Marine x4  
  119  10:47  Marine x3  
  122  10:51  Marine  
  122  10:52  Marine  
  124  10:59  Marine x4  
  124  11:00  Marine x2  
  124  11:01  Barracks x2  
  124  11:02  Barracks  
  130  11:05  Marine x3  
  130  11:07  Medivac  
  130  11:09  Marine x2  
  114  11:17  Marine x5  
  95  11:27  Marine  
  95  11:28  Marine x2  
  95  11:29  Marine x3  
  94  11:35  Marine x5  
  99  11:45  Marine  
  99  11:46  Marine x3  
  99  11:47  Marine x2  
  103  11:48  Marine x2  
  103  11:49  Marine  
  103  11:51  Barracks  
  103  11:53  Marine x5  
  113  12:00  Supply Depot  
  113  12:03  Marine  
  113  12:04  Marine x5, Medivac x3  
  113  12:06  Marine x3  
  128  12:10  Marine  
  128  12:11  Marine x4  
  131  12:21  Marine  
  131  12:22  Marine  
  133  12:25  Barracks Reactor  
  133  12:27  Barracks Reactor x2, Supply Depot  
  133  12:29  Marine  
  133  12:30  Marine x8  
  142  12:39  Marine  
  142  12:40  Marine  
  144  12:47  Marine x2  
  144  12:48  Marine  
  144  12:49  Marine x6  
  153  12:51  Supply Depot  
  153  12:56  Marine  
  153  12:57  Marine  
  155  13:05  Marine x3  
  140  13:07  Marine x6  
  130  13:13  Supply Depot  
  130  13:14  Marine  
  130  13:15  Marine  
  132  13:30  Starport  
  132  13:35  Marine x3  
  132  13:36  Marine x8  
  132  13:37  Marine x6  
Show
View Real Time Build Order
Export as new Build Order

StranaOz Zerg - Winner!

Build Orders: Hatch First 

Get SALT Encoding   

  12  0:01  Drone  
  13  0:08  Drone  
  14  0:17  Overlord  
  14  0:27  Extractor  
  14  0:28  Drone  
  14  0:37  Drone x2  
  16  1:00  Hatchery  
  16  1:01  Drone  
  16  1:16  Spawning Pool  
  16  1:18  Drone  
  16  1:26  Drone  
  16  1:27  Drone  
  18  1:35  Drone  
  19  1:41  Overlord  
  19  1:57  Overlord  
  19  2:03  Queen  
  19  2:05  Zergling x2  
  22  2:12  Queen  
  22  2:13  Drone  
  25  2:16  Zergling x2  
  26  2:28  Drone  
  27  2:39  Zergling x2  
  27  2:42  Hatchery, Zergling x2  
  27  2:43  Zergling x2  
  29  2:57  Drone  
  30  3:00  Extractor  
  29  3:13  Roach Warren  
  27  3:24  Drone x2  
  27  3:25  Drone x2  
  31  3:27  Overlord  
  31  3:32  Queen  
  33  3:43  Drone x3  
  36  3:56  Lair  
  36  4:01  Roach x4  
  44  4:07  Queen  
  46  4:25  Drone x3  
  46  4:26  Roach  
  46  4:27  Roach x2  
  55  4:39  Overlord x2  
  55  4:54  Roach  
  57  5:01  Hydralisk Den  
  56  5:11  Drone x4  
  56  5:12  Drone  
  56  5:13  Drone x2  
  63  5:32  Muscular Augments  
  63  5:33  Baneling Nest  
  62  5:40  Drone x3  
  65  5:45  Drone x2  
  65  5:46  Drone x3  
  65  5:49  Hydralisk  
  72  5:51  Overlord x2  
  72  5:52  Overlord x2  
  72  6:06  Extractor  
  72  6:08  Extractor  
  70  6:16  Hydralisk x3  
  70  6:17  Hydralisk x2  
  80  6:25  Spore Crawler  
  79  6:29  Spore Crawler  
  78  6:32  Spore Crawler  
  77  6:42  Drone x3  
  77  6:43  Drone  
  77  6:44  Drone x4  
  77  6:45  Drone x2  
  77  6:46  Drone x3  
  90  6:54  Hydralisk x4  
  90  6:57  Zergling x6  
  101  7:28  Metabolic Boost  
  101  7:30  Glial Reconstitution  
  101  7:35  Zergling x4  
  101  7:36  Zergling x4  
  105  7:42  Centrifical Hooks  
  105  7:50  Baneling  
  105  7:51  Baneling x4  
  105  7:53  Baneling  
  105  8:01  Overlord x6  
  105  8:02  Overlord x3  
  105  8:27  Zergling x8  
  105  8:28  Zergling x12  
  115  8:37  Zergling x8  
  115  8:38  Zergling x2  
  118  8:42  Hatchery  
  100  8:52  Zergling x2  
  100  8:53  Zergling x10  
  77  9:04  Evolution Chamber  
  77  9:05  Evolution Chamber  
  66  9:20  Baneling x6  
  66  9:21  Baneling x7  
  66  9:22  Baneling x4  
  66  9:24  Zergling x10  
  67  9:25  Roach x5  
  67  9:26  Roach x2  
  67  9:30  Zerg Ground Armor Level 1  
  85  9:32  Zerg Melee Weapons Level 1  
  85  9:56  Infestation Pit  
  85  10:00  Roach, Zergling x10  
  85  10:01  Roach x6  
  103  10:07  Hatchery  
  95  10:20  Zergling x6  
  95  10:21  Zergling x14  
  91  10:24  Queen  
  82  10:35  Drone  
  83  10:43  Hive  
  83  10:47  Baneling x3  
  83  10:48  Baneling x7  
  83  10:49  Baneling x3  
  81  10:51  Zergling x2  
  81  10:52  Zergling x10  
  87  10:59  Overseer  
  87  11:04  Drone x2  
  87  11:10  Zergling x2  
  87  11:11  Zergling x14  
  88  11:12  Zergling x10  
  88  11:13  Zergling x2  
  89  11:18  Roach x2  
  89  11:19  Roach  
  92  11:26  Zergling x2  
  92  11:27  Zergling x6  
  92  11:28  Queen  
  84  11:58  Nydus Network  
  61  12:16  Zergling x10  
  61  12:17  Zergling x14  
  61  12:18  Zergling x14  
  61  12:19  Zergling x6  
  83  12:29  Overseer  
  83  12:37  Drone  
  84  12:44  Baneling x5  
  84  12:45  Baneling  
  84  12:53  Zergling x10  
  84  12:54  Zergling x12  
  84  12:55  Zergling x10  
  74  13:15  Zergling x12  
  74  13:16  Zergling x10  
  84  13:20  Baneling x5  
  84  13:21  Baneling x6  
  84  13:22  Baneling x3  
  84  13:23  Baneling x6  
  84  13:24  Baneling  
  84  13:26  Roach x5  
  94  13:38  Ultralisk Cavern  
  93  13:45  Zergling x8  
  93  13:46  Zergling x12  
  93  13:47  Zergling x10  
Tags
 
Add a new tag
Caveats
  • Supply blocks, unpowered buildings, or Contaminate may cause inaccurate times.
  • Supply counts are checked every 10 seconds.